 Dungeon Crawl Stone Soup version 0.23.1 (webtiles) character file.

Game seed: 0

21569 Fang the Fighter (level 12, -14/81 HPs)
             Began as a Gargoyle Berserker on Mar 5, 2019.
             Was a High Priest of Trog.
             Killed by the air
             ... invoked by Gastronok
              (21 damage)
             ... on level 2 of the Lair of Beasts.
             The game lasted 00:17:46 (12911 turns).

Fang the Fighter (Gargoyle Berserker)              Turns: 12911, Time: 00:17:47

Health: -14/81     AC: 27    Str: 26    XL:     12   Next: 91%
Magic:  0/12       EV: 11    Int: 11    God:    Trog [*****.]
Gold:   815        SH:  5    Dex:  9    Spells: 11/11 levels left

rFire    . . .     SeeInvis .   v - +6 war axe
rCold    + . .     Gourm    .   (no shield)
rNeg     + . .     Faith    .   A - +3 plate armour {rC+}
rPois    ∞         Spirit   +   (no helmet)
rElec    +         Reflect  +   J - scarf {Spirit}
rCorr    .         Harm     .   (no gloves)
MR       .....                  (no boots)
Stlth    ..........             d - +5 amulet of reflection
HPRegen  0.23/turn              s - +3 ring of intelligence
MPRegen  0.13/turn              D - ring of stealth

@: berserk cooldown, slowed, very slow
A: negative energy resistance 1, electricity resistance, unbreathing,
petrification resistance, rot immunity, AC +8
a: Berserk, Trog's Hand, Brothers in Arms, Renounce Religion


You were on level 2 of the Lair of Beasts.
You worshipped Trog.
Trog was extremely pleased with you.
You were very hungry.

You visited 3 branches of the dungeon, and saw 14 of its levels.

You collected 815 gold pieces.

Inventory:

Hand Weapons
 j - a +2 scythe of flaming
 v - a +6 war axe (weapon)
Armour
 o - a +2 cloak
 A - a +3 plate armour of cold resistance (worn)
 J - a scarf of spirit shield (worn)
Jewellery
 d - a +5 amulet of reflection (around neck)
 k - an uncursed ring of magical power
 m - an uncursed ring of ice
 r - an uncursed ring of protection from fire
 s - a +3 ring of intelligence (left hand)
 D - a ring of stealth (right hand)
 I - an uncursed ring of protection from magic
Wands
 q - a wand of iceblast (8)
 w - a wand of polymorph (7)
 x - a wand of acid (17)
 y - a wand of digging (4)
 B - a wand of random effects (46)
 F - a wand of enslavement (13)
 L - a wand of flame (73)
Scrolls
 e - 4 scrolls of identify
 f - 7 scrolls of remove curse
 g - 5 scrolls of teleportation
 i - 3 scrolls of fear
Potions
 a - a potion of magic
 b - 2 potions of berserk rage
 h - 2 potions of agility
 l - 7 potions of curing
 n - 2 potions of invisibility
 p - 3 potions of haste
 t - a potion of might
 u - 2 potions of lignification
 z - a potion of ambrosia
 E - 2 potions of mutation
 H - a potion of cancellation
 K - 2 potions of brilliance
Comestibles
 c - 25 rations
 C - 5 chunks of flesh


   Skills:
 + Level 11.9 Fighting
 + Level 10.2 Axes
 + Level 11.7 Armour
 + Level 9.2 Dodging


You had 11 spell levels left.
You didn't know any spells.
Your spell library was empty.

Dungeon Overview and Level Annotations

Branches:
Dungeon (11/15)            Temple (1/1) D:4            Lair (2/6) D:10
  Swamp (0/4) Lair:2        Snake (0/4) Lair:2          Orc (0/2) D:9

Altars:
Cheibriados
Dithmenos
Elyvilon
Fedhas
Gozag
Makhleb
Nemelex Xobeh
Okawaru
Ru
Uskayaw
Wu Jian
Zin
The Shining One

Shops:
D:4 (   D:8 *   D:11 :

Annotations:
Lair:1 3 runed translucent doors, Sin92's ghost, novice DsFi
Lair:2 Gastronok


Innate Abilities, Weirdness & Mutations

You are resistant to torment.
Your stone body is resilient. (AC +8)
You are immune to poison.
You resist negative energy. (rN+)
You are resistant to electric shocks. (rElec)
You can survive without breathing.
You are immune to petrification.
You are immune to rotting.


Message History

Gastronok is lightly wounded.
You slash the bat!
You kill the bat!
The bat's corpse disappears in a puff of smoke!
You fail to use your ability.
Gastronok bites you! Gastronok bites you.
The yak gores you but does no damage. x2
Gastronok waves his eye-stalks in wide circles.
The air twists around and strikes you!
* * * LOW HITPOINT WARNING * * *
A yak comes into view.
The yak gores you.
* * * LOW HITPOINT WARNING * * *
The yak misses you.
You feel better. The yak gores you but does no damage.
Gastronok gurgles, "A snack!
A snack!"
Gastronok waves his eye-stalks in wide circles.
The air twists around and strikes you!
You die...

#......P...#########..#
#..+##.....#.#.##.# #
...................
...................
........†..........
........††.........
.......w.....Y.....
§§.....Y....?#Y.#.#
§§§.§...@...###.# .
§§§.........# ...
>§.####P.....# .. .§.
##....## .# .......
.....#.. #....#...
...... ..


You could see Gastronok and 2 yaks.

Vanquished Creatures
  Fannar (Lair:1)
  Harold (D:8)
  2 hydras (Lair:1)
  2 two-headed ogres (D:9)
  Pikel (D:6)
  2 ugly things (D:11)
  3 black mambas
  A spiny frog (Lair:1)
  2 komodo dragons (Lair:2)
  A kobold demonologist (D:8)
  The ghost of Fang the Skirmisher, a novice GrBe of Trog (D:5)
  2 trolls (D:11)
  3 hippogriffs (Lair:2)
  Sigmund (D:4)
  2 wyverns (D:11)
  A basilisk (Lair:2)
  20 yaks
  Grum (D:8)
  Edmund (D:6)
  5 water moccasins (Lair:2)
  4 porcupines
  A floating eye (D:11)
  7 orc warriors
  2 sky beasts
  A black bear (D:11)
  2 slaves (D:6)
  3 ice beasts
  8 ogres
  6 wolves
  6 centaurs
  5 crocodiles
  14 big kobolds
  7 bullfrogs
  A scorpion (D:9)
  3 howler monkeys
  3 crimson imps
  2 bullfrog zombies
  3 centaur zombies
  6 hounds
  2 jellies
  Crazy Yiuf (D:2)
  8 orc priests
  A centaur skeleton (D:7)
  9 orc wizards
  Natasha (thrice) (D:2)
  9 worker ants
  3 iguanas
  A killer bee zombie (D:9)
  A hound zombie (D:9)
  A worker ant zombie (D:10)
  3 gnolls (D:9)
  17 adders
  4 shadow imps
  An ooze (D:3)
  An adder skeleton (D:5)
  6 worms
  3 dart slugs
  7 leopard geckos
  40 orcs
  4 ball pythons
  6 bats
  5 giant cockroaches
  9 goblins
  7 hobgoblins
  16 jackals
  5 quokkas
  3 frilled lizards
  A giant cockroach zombie (D:5)
  23 kobolds
  A leopard gecko skeleton (D:4)
  A quokka skeleton (D:7)
  6 rats
  A plant (Lair:2)
346 creatures vanquished.

Vanquished Creatures (collateral kills)
  A hydra (D:11)
  A two-headed ogre (D:11)
  An ugly thing (D:11)
  Joseph (D:8)
  A centaur skeleton (D:11)
  A troll (D:11)
  A hippogriff (D:11)
  A steam dragon (D:11)
  A floating eye (D:11)
  An orc warrior (D:11)
  A wolf (D:8)
  A gnoll sergeant (D:11)
  A bullfrog (D:8)
  An adder (D:11)
  An orc (D:11)
15 creatures vanquished.

Vanquished Creatures (others)
  A crimson imp (D:6)
  A worker ant zombie (D:11)
  A fungus (Lair:1)
3 creatures vanquished.

Grand Total: 364 creatures vanquished

Notes
Turn   | Place    | Note
-------+----------+-------------------------------------------
     0 | D:1      | Fang the Gargoyle Berserker began the quest for the Orb.
     0 | D:1      | Reached XP level 1. HP: 14/14 MP: 1/1
    98 | D:1      | Reached XP level 2. HP: 14/19 MP: 2/2
   307 | D:1      | Reached XP level 3. HP: 15/23 MP: 3/3
   711 | D:2      | Reached ** piety under Trog
   907 | D:2      | Noticed Natasha
   917 | D:2      | Killed Natasha
   917 | D:2      | Reached XP level 4. HP: 18/29 MP: 4/4
  1176 | D:2      | Found a sparkling altar of Nemelex Xobeh.
  1208 | D:2      | Found a runed translucent door.
  1209 | D:2      | Noticed Crazy Yiuf
  1533 | D:2      | Noticed Natasha
  1542 | D:2      | Killed Natasha
  1542 | D:2      | Reached XP level 5. HP: 14/33 MP: 5/5
  1552 | D:2      | Noticed Natasha
  1729 | D:2      | Killed Natasha
  1969 | D:2      | Killed Crazy Yiuf
  2223 | D:3      | Found a hide-covered altar of Uskayaw.
  2377 | D:3      | Reached XP level 6. HP: 37/39 MP: 6/6
  2581 | D:3      | Found an opulent altar of Gozag.
  2688 | D:3      | Reached *** piety under Trog
  2746 | D:3      | Found an ornate altar of the Wu Jian Council.
  2949 | D:4      | Noticed Sigmund
  2952 | D:4      | Found a blossoming altar of Fedhas.
  2958 | D:4      | Killed Sigmund
  2958 | D:4      | Reached skill level 5 in Fighting
  2958 | D:4      | Reached XP level 7. HP: 18/44 MP: 7/7
  2961 | D:4      | Found a glowing silver altar of Zin.
  3359 | D:4      | Found a sacrificial altar of Ru.
  3388 | D:4      | Found Imehi's Antique Weapon Shop.
  3489 | D:4      | Found a staircase to the Ecumenical Temple.
  3617 | Temple   | Entered the Ecumenical Temple
  3648 | D:5      | Entered Level 5 of the Dungeon
  3729 | D:5      | Found a glowing golden altar of the Shining One.
  3995 | D:5      | Reached skill level 5 in Armour
  4094 | D:5      | Found a snail-covered altar of Cheibriados.
  4127 | D:5      | Reached XP level 8. HP: 44/51 MP: 8/8
  4133 | D:5      | Found a runed translucent gate.
  4133 | D:5      | Found a runed translucent gate.
  4133 | D:5      | Found a runed translucent gate.
  4134 | D:5      | Noticed Fang's ghost (novice GrBe)
  4134 | D:5      | Identified the cursed +1 whip of Ruination {chaos, rElec
                  | rPois rF+}
  4303 | D:5      | Killed Fang's ghost
  4303 | D:5      | Reached skill level 5 in Axes
  4382 | D:6      | Found a burning altar of Makhleb.
  4423 | D:6      | Noticed Edmund
  4447 | D:6      | Killed Edmund
  4488 | D:6      | Reached **** piety under Trog
  4530 | D:6      | Found a shadowy altar of Dithmenos.
  4635 | D:6      | Noticed Pikel
  4656 | D:6      | Killed Pikel
  4656 | D:6      | Reached skill level 5 in Dodging
  4656 | D:6      | Reached XP level 9. HP: 49/57 MP: 9/9
  5483 | D:7      | Found an iron altar of Okawaru.
  6155 | D:8      | Noticed Harold
  6172 | D:8      | Killed Harold
  6172 | D:8      | Reached XP level 10. HP: 54/65 MP: 10/10
  6172 | D:8      | Noticed Joseph
  6189 | D:8      | Killed Joseph
  6583 | D:8      | Noticed Grum
  6608 | D:8      | Killed Grum
  6624 | D:8      | Found Zicwidej's Assorted Antiques.
  6768 | D:8      | Noticed a kobold demonologist
  6770 | D:8      | Noticed a soul eater
  6778 | D:8      | Noticed a rust devil
  6779 | D:8      | Noticed a rust devil
  6785 | D:8      | Killed a kobold demonologist
  6843 | D:8      | Reached ***** piety under Trog
  7443 | D:9      | Noticed a two-headed ogre
  7450 | D:9      | Killed a two-headed ogre
  7550 | D:9      | Reached XP level 11. HP: 46/71 MP: 6/11
  7945 | D:9      | Found a white marble altar of Elyvilon.
  8149 | D:9      | Noticed a two-headed ogre
  8160 | D:9      | Killed a two-headed ogre
  8160 | D:9      | Reached skill level 10 in Fighting
  8534 | D:9      | Found a staircase to the Orcish Mines.
  8626 | D:10     | Entered Level 10 of the Dungeon
  9238 | D:10     | Found a staircase to the Lair.
  9362 | D:11     | Found Zyoday's Book Emporium.
  9376 | D:11     | Received a gift from Trog
  9402 | D:11     | Reached skill level 10 in Armour
  9415 | D:11     | Noticed a red ugly thing
  9427 | D:11     | Killed a red ugly thing
 10157 | D:11     | Noticed an eight-headed hydra
 10175 | D:11     | Noticed a two-headed ogre
 10178 | D:11     | Killed a 13-headed hydra
 10182 | D:11     | Killed a two-headed ogre
 10200 | D:11     | Noticed a cyan ugly thing
 10200 | D:11     | Noticed a cyan ugly thing
 10203 | D:11     | Killed a cyan ugly thing
 10205 | D:11     | Reached XP level 12. HP: 34/79 MP: 8/12
 10655 | Lair:1   | Entered Level 1 of the Lair of Beasts
 10656 | Lair:1   | Noticed a five-headed hydra
 10680 | Lair:1   | Killed an 11-headed hydra
 10700 | Lair:1   | Noticed a seven-headed hydra
 11178 | Lair:1   | Killed a four-headed hydra
 11622 | Lair:1   | Found a runed translucent gate.
 11623 | Lair:1   | Found a runed translucent gate.
 11624 | Lair:1   | Found a runed translucent gate.
 11628 | Lair:1   | Noticed Sin92's ghost (novice DsFi)
 11629 | Lair:1   | Noticed Fannar
 11676 | Lair:1   | Killed Fannar
 12261 | Lair:2   | Found a staircase to the Snake Pit.
 12308 | Lair:2   | Reached skill level 10 in Axes
 12885 | Lair:2   | Noticed Gastronok
 12903 | Lair:2   | Found a staircase to the Swamp.
 12909 | Lair:2   | HP: 2/81 [Gastronok/the air (30)]
 12911 | Lair:2   | Killed from afar by Gastronok

Skill      XL: |  1  2  3  4  5  6  7  8  9 10 11 12 |
---------------+-------------------------------------+-----
Axes           | 3 4 5 7 8 9 10 | 10.2
Dodging        | 2 3 5 6 7 8 9 |  9.2
Fighting       | 4 5 7 8 9 10 11 | 11.9
Armour         | 3 4 5 6 8 9 10 11 | 11.7

Action                   |  1- 3 |  4- 6 |  7- 9 | 10-12 || total
-------------------------+-------+-------+-------+-------++-------
Melee: Hand axe          |   116 |   193 |   100 |       ||   409
       War axe           |       |       |   256 |   657 ||   913
       Scythe            |       |       |       |     9 ||     9
Invok: Berserk           |     1 |     3 |     4 |    10 ||    18
       Brothers in Arms  |       |       |       |     5 ||     5
  Use: Scroll            |       |       |       |    30 ||    30
       Potion            |       |       |       |     2 ||     2
 Stab: Sleeping          |       |     1 |       |       ||     1
  Eat: Chunk             |       |     6 |    14 |    26 ||    46
       Ration            |       |     1 |       |     2 ||     3
Armor: Animal skin       |    37 |    77 |    16 |       ||   130
       Chain mail        |       |       |   108 |       ||   108
       Plate armour      |       |       |    66 |   680 ||   746
Dodge: Dodged            |    64 |   135 |   159 |   462 ||   820
Block: Other             |       |       |    73 |   192 ||   265
       Reflection        |       |       |     5 |     3 ||     8
